 Dungeon Crawl Stone Soup version 0.24-a0-201-gf205589 (webtiles) character file.

Game seed: 11754692913890759505

721 Borgoz the Cutter (level 8, -9/48 HPs)
             Began as a Kobold Gladiator on Mar 24, 2019.
             Mangled by an ogre
             ... wielding a +0 giant club
              (30 damage)
             ... on level 4 of the Dungeon.
             The game lasted 00:07:35 (4949 turns).

Borgoz the Cutter (Kobold Gladiator)                Turns: 4949, Time: 00:07:35

Health: -9/48      AC:  5    Str: 11 (12) XL:     8   Next: 2%
Magic:  11/11      EV: 17    Int: 10 (11) God:
Gold:   161        SH:  0    Dex: 15 (16) Spells: 11/11 levels left

rFire    . . .     SeeInvis .   a - +0 rapier
rCold    . . .     Gourm    .   (shield restricted)
rNeg     . . .     Faith    .   p - +0 leather armour
rPois    .         Spirit   .   c - +0 helmet
rElec    .         Reflect  .   k - scarf {cloud immunity}
rCorr    .         Harm     .   (no gloves)
MR       .....                  e - +0 pair of boots
Stlth    ++........             (no amulet)
HPRegen  0.16/turn              (no ring)
MPRegen  0.12/turn              (no ring)

@: lethally poisoned (-9 -> -10)
A: small, carnivore
a: no special abilities


You were on level 4 of the Dungeon.
You were very full.

You visited 1 branch of the dungeon, and saw 4 of its levels.

You collected 161 gold pieces.

Inventory:

Hand Weapons
 a - a +0 rapier (weapon)
 b - a +0 blowgun
 j - a +2 dagger of pain
 r - a +2 quarterstaff of chaos
Missiles
 d - a throwing net (quivered)
 m - 34 poisoned needles
 t - 16 bolts
Armour
 c - a +0 helmet (worn)
 e - a +0 pair of boots (worn)
 k - a scarf of cloud immunity (worn)
 p - a +0 leather armour (worn)
Wands
 q - a wand of iceblast (7)
Scrolls
 g - 3 scrolls of identify {unknown}
 h - a scroll of enchant armour {unknown}
 i - 4 scrolls of teleportation {unknown}
 l - 4 scrolls of amnesia {unknown}
 o - a scroll of immolation {unknown}
 s - a scroll of fog {unknown}
Potions
 n - a potion of degeneration
Comestibles
 f - 7 rations


   Skills:
 + Level 3.6 Fighting
 * Level 6.3 Short Blades
 + Level 3.7 Throwing
 * Level 2.9 Armour
 + Level 4.8 Dodging
 + Level 3.5 Stealth
 + Level 2.4 Spellcasting


You had 11 spell levels left.
You didn't know any spells.
Your spell library was empty.

Dungeon Overview and Level Annotations

Branches:
Dungeon (4/15)
 Temple: D:4-7

Altars:
Fedhas
Wu Jian
Xom
Yredelemnul

Annotations:
D:3 2 transporters, galech's ghost, amateur DsFi


Innate Abilities, Weirdness & Mutations

You are small and have problems with some larger weapons.
You are carnivorous and can eat meat at any time.


Message History

The ogre is heavily wounded.
You feel sick. The ogre completely misses you.
You completely miss the ogre.
The ogre is heavily wounded.
It was a potion of degeneration.
There was something very wrong with that liquid.
You feel weakened.
You feel dopey.
You feel clumsy.
The orc wizard gestures at you while chanting.
The magic dart hits you. The ogre closely misses you.
Okay, then.
You feel sick.
Okay, then.
You feel sick.
You feel sick.
The orc wizard mumbles some strange words.
The orc wizard seems to speed up.
There is a stone staircase leading up, spattered with blood here.
The ogre hits you with a +0 giant club!!
Ouch! That really hurt!
You die...

............####...# #.......
.>.##.#.......###..#..........
..................##..# ......
#.....................#..
.........................
..##...###...............
######.# #...........<... #
#..# ##..............
###..###...o.O@........
#.....##...............
##.......####..##......
##......## #..# ##....
###.....##†..# ...
#.......o)...## ..
#....#........# #
#..#####......... ##.#
........#.


You could see an ogre and an orc wizard.

Vanquished Creatures
  An ogre (D:4)
  A phantom (D:4)
  A bullfrog (D:3)
  A scorpion (D:4)
  A howler monkey (D:4)
  A hound (D:4)
  Crazy Yiuf (D:3)
  An orc wizard (D:4)
  4 worker ants (D:4)
  9 adders
  2 oozes
  3 worms
  3 dart slugs (D:1)
  3 leopard geckos
  21 orcs
  5 giant cockroaches
  6 goblins
  6 hobgoblins
  4 jackals (D:4)
  8 kobolds
  2 quokkas
  4 ball pythons
  10 bats
  4 frilled lizards
  9 rats
111 creatures vanquished.

Notes
Turn   | Place    | Note
-------+----------+-------------------------------------------
     0 | D:1      | Borgoz the Kobold Gladiator began the quest for the Orb.
     0 | D:1      | Reached XP level 1. HP: 12/12 MP: 1/1
    55 | D:1      | Reached XP level 2. HP: 17/17 MP: 2/2
   370 | D:1      | Reached XP level 3. HP: 22/22 MP: 3/3
   633 | D:1      | Reached skill level 1 in Stealth
   865 | D:2      | Reached skill level 1 in Spellcasting
  1070 | D:2      | Reached skill level 1 in Armour
  1150 | D:2      | Reached XP level 4. HP: 27/27 MP: 5/5
  1495 | D:2      | Reached XP level 5. HP: 31/31 MP: 6/6
  1508 | D:2      | Found a blossoming altar of Fedhas.
  1510 | D:2      | Found a shimmering altar of Xom.
  1510 | D:2      | Found a glowing golden altar of the Shining One.
  1513 | D:2      | Found an ornate altar of the Wu Jian Council.
  1513 | D:2      | Found a basalt altar of Yredelemnul.
  1513 | D:2      | Found a basalt altar of Yredelemnul.
  2479 | D:3      | Noticed a bullfrog
  2491 | D:3      | Killed a bullfrog
  2491 | D:3      | Reached skill level 5 in Short Blades
  2491 | D:3      | Reached XP level 6. HP: 18/36 MP: 6/8
  2952 | D:3      | Found a transporter.
  2954 | D:3      | Noticed galech's ghost (amateur DsFi)
  2957 | D:3      | Found a transporter.
  3485 | D:3      | Found a runed translucent door.
  3486 | D:3      | Noticed Crazy Yiuf
  3496 | D:3      | Killed Crazy Yiuf
  3831 | D:4      | Noticed an ogre
  4139 | D:4      | Reached XP level 7. HP: 26/41 MP: 8/10
  4363 | D:4      | Reached skill level 6 in Short Blades
  4935 | D:4      | Reached XP level 8. HP: 29/48 MP: 11/11
  4949 | D:4      | Mangled by an ogre

Levels and vault maps discovered:
D:1:      psy_arrival_basics, layout_loops_corners, st_stairs_14
D:2:      layout_loops_ring, doesnt_xom_only_xom
D:3:      minmay_diamond_boxcup, layout_loops_ring, gammafunk_ghost_mausoleum,
          uniq_crazy_yiuf_cottage
D:4:      layout_cave_pools, lemuel_coloured_pillars_altar, first_ration,
          minmay_strange_pillars, grunt_ministairs_4

Skill      XL: |  1  2  3  4  5  6  7 |
---------------+----------------------+-----
Stealth        | 1 2 3 |  3.5
Spellcasting   | 1 2 |  2.4
Armour         | 1 2 |  2.9
Dodging        | 4 |  4.8
Short Blades   | 5 6 |  6.3
Throwing       | 3 |  3.7
Fighting       | 3 |  3.6

Action                   |  1- 3 |  4- 6 |  7- 9 || total
-------------------------+-------+-------+-------++-------
Melee: Rapier            |    95 |   286 |    93 ||   474
Throw: Throwing net      |       |     3 |       ||     3
Evoke: Wand              |       |       |     4 ||     4
  Use: Potion            |       |       |     3 ||     3
 Stab: Sleeping          |     1 |     6 |       ||     7
       Held in net/web   |       |     2 |       ||     2
  Eat: Chunk             |     9 |    10 |     1 ||    20
Armor: Leather armour    |    26 |    46 |     6 ||    78
Dodge: Dodged            |    86 |   218 |    56 ||   360

Table legend:
 A = Non-vault XP
 B = Vault XP
 C = Vault XP percentage of total XP
 D = Non-vault monster count
 E = Vault monster count
 F = Vault count percentage of total count
                 A         B        C        D         E       F
            +---------+---------+-------+---------+---------+-------
      Total |     954 |      76 |   7.4 |      95 |      16 |  14.4
            +---------+---------+-------+---------+---------+-------
        D:1 |      45 |       3 |   6.2 |      20 |       2 |   9.1
        D:2 |     120 |       0 |   0.0 |      20 |       0 |   0.0
        D:3 |     185 |      58 |  23.9 |      33 |       9 |  21.4
        D:4 |     604 |      15 |   2.4 |      22 |       5 |  18.5
            +---------+---------+-------+---------+---------+-------
